 Dungeon Crawl Stone Soup version 0.31.0-32-g396128a36d (webtiles) character file.

Game seed: 9612210252077903537

15465 Doomgape the Grappler (level 12, 0/122 HPs)
             Began as a Troll Berserker on Mar 15, 2024.
             Was a High Priest of Trog.
             Slain by Amaemon
             ... wielding a +1 demon whip of venom
              (8 damage)
             ... on level 2 of the Lair of Beasts.
             The game lasted 00:30:32 (9331 turns).

Doomgape the Grappler (Troll Berserker)             Turns: 9331, Time: 00:30:32

Health: 0/122      AC:  5    Str: 32    XL:     12   Next: 1%
Magic:  11/11      EV: 12    Int:  3    God:    Trog [*****.]
Gold:   1012       SH:  0    Dex:  9    Spells: 11/11 levels left

rFire   . .          .
                       - Unarmed
rCold   . . .        (no shield)
rNeg    . . .        a - +1 animal skin
rPois   .            (helmet restricted)
rElec   .            (no cloak)
rCorr   .            (gloves unavailable)
SInv    .            (boots unavailable)
Will    .....        j - amulet of regeneration
Stlth   +            (no ring)
HPRegen 2.00/turn    (no ring)
MPRegen 0.12/turn

%: no passive effects
@: lethally poisoned (0 -> -21), weakened, slowed, very slow
A: large, unfitting armour, claws 3, regeneration 1, shaggy fur 1, tough skin 1
a: Renounce Religion, Berserk, Trog's Hand, Brothers in Arms


You were on level 2 of the Lair of Beasts.
You worshipped Trog.
Trog was extremely pleased with you.
You visited 3 branches of the dungeon, and saw 12 of its levels.
You also visited: Bailey.

You collected 1048 gold pieces.
You spent 36 gold pieces at shops.

Inventory:

Armour
 a - a +1 animal skin (worn)
Jewellery
 j - an amulet of regeneration (around neck)
 r - an amulet of guardian spirit
 t - an amulet of faith
 B - a ring of poison resistance
Wands
 k - a wand of flame (42)
 y - a wand of iceblast (6)
Scrolls
 b - 3 scrolls of identify
 c - a scroll of blinking
 d - 3 scrolls of revelation
 i - 2 scrolls of teleportation
 o - 3 scrolls of enchant weapon
 v - a scroll of enchant armour
 x - a scroll of poison
Potions
 f - 2 potions of resistance {unknown}
 g - a potion of lignification
 h - a potion of ambrosia {unknown}
 l - 2 potions of magic {unknown}
 m - a potion of heal wounds
 n - a potion of might
 p - 2 potions of mutation
 q - a potion of brilliance {unknown}
 s - 2 potions of berserk rage {unknown}
 u - 2 potions of invisibility {unknown}
 w - a potion of degeneration {unknown}
 z - a potion of attraction {unknown}
 A - 2 potions of enlightenment {unknown}


   Skills:
 - Level 8.8 Fighting
 + Level 10.5 Dodging
 + Level 12.4 Unarmed Combat


You had 11 spell levels left.
You didn't know any spells.
Your spell library was empty.

Dungeon Overview and Level Annotations

Branches:
Dungeon (9/15)             Temple (1/1) D:7            Lair (2/5) D:9
 Bailey (visited)
  Swamp: Lair:2-3    Shoals: Lair:2-3     Snake: Lair:2-3    Spider: Lair:2-3
    Orc: D:9-12

Altars:
Ashenzari
Cheibriados
Dithmenos
Elyvilon
Fedhas
Gozag
Hepliaklqana
Kikubaaqudgha
Makhleb
Nemelex Xobeh
Okawaru
Qazlal
Ru
Sif Muna
Trog
Uskayaw
Vehumet
Wu Jian
Xom
Zin
The Shining One

Shops:
D:9 =*::

Annotations:
Lair:1 2 transporters, James's ghost, journeyman DrHu
Lair:2 Amaemon


Innate Abilities, Weirdness & Mutations

You are too large for most types of armour.
You have claws for hands.
Your natural rate of healing is unusually fast.
You are covered in fur. (AC +1)
You have tough skin. (AC +1)


Message History

You scratch Amaemon.
Amaemon is lightly wounded.
You feel extremely sick.
Amaemon hits you with a +1 demon whip of venom!!
* * * LOW HITPOINT WARNING * * *
Amaemon claws you but does no damage.
Amaemon tail-slaps you but does no damage.
You feel better.
Amaemon hits you with a +1 demon whip of venom!
You are poisoned.
Amaemon claws you.
* * * LOW HITPOINT WARNING * * *
Amaemon tail-slaps you.
* * * LOW HITPOINT WARNING * * *
You are more poisoned.
Amaemon poisons you!
Amaemon hits you with a +1 demon whip of venom!
* * * LOW HITPOINT WARNING * * *
You are lethally poisoned!
Amaemon barely misses you. Amaemon tail-slaps you.
* * * LOW HITPOINT WARNING * * *
Unknown command.
Unknown command.
You feel much better.
Your skin stops crawling.
You feel less strong-willed.
* * * LOW HITPOINT WARNING * * *
You feel extremely sick.
Amaemon hits you with a +1 demon whip of venom!
* * * LOW HITPOINT WARNING * * *
You are more poisoned.
Amaemon closely misses you. x2
Unknown command.
Unknown command.
You feel much better.
You feel extremely sick.
Amaemon hits you with a +1 demon whip of venom!
* * * LOW HITPOINT WARNING * * *
You are more poisoned.
Amaemon claws you!
You die...

^^^...####.....+..
..................
^..^^..^............4..
....^..^............... .
....^^.................
......................
.....##.#.#.#.....#.
#...##...#6#.....#
#...##...@+......#
#....+.............
#)..#.....#......P.
#...##..>..#.....P.
######...P#....#......#.
###..##....##....##.....#
†..........###.##.....[..
...........# ### .......
............... ....


You could see Amaemon.

Vanquished Creatures
  Harold (Lair:1)
  2 vault guards (Bailey)
  3 two-headed ogres
  A boulder beetle (Lair:1)
  An orange demon (Lair:2)
  A rime drake (Lair:1)
  3 cane toads
  3 komodo dragons
  Prince Ribbit (Bailey)
  A slime creature (D:8)
  A shadow (D:8)
  A wraith (D:6)
  8 yaks (Lair:1)
  3 wyverns
  6 humans (Bailey)
  A basilisk (Lair:1)
  A steam dragon (D:9)
  An acid dragon (D:8)
  4 water moccasins
  4 orc warriors
  2 black bears (D:6)
  3 ice beasts
  2 sky beasts
  4 wolves (Lair:1)
  An ogre (D:6)
  2 phantoms
  4 centaurs
  Blork the orc (D:5)
  2 kobold brigands (D:9)
  22 bullfrogs
  2 scorpions
  5 howler monkeys
  3 electric eels (D:6)
  10 jellies
  3 orc priests
  4 hounds
  4 gnoll boudas
  Terence (D:2)
  An iguana (D:6)
  12 orc wizards
  12 adders
  16 gnolls
  A shadow imp (D:6)
  2 white imps
  5 ufetubi
  A ribbon worm (D:3)
  4 dart slugs
  20 orcs
  15 endoplasms
  3 giant cockroaches
  12 goblins
  12 hobgoblins
  3 jackals (D:4)
  17 kobolds
  3 quokkas
  8 ball pythons
  3 bats
  3 rats
275 creatures vanquished.

Vanquished Creatures (others)
  An orc wizard (D:7)
1 creature vanquished.

Grand Total: 276 creatures vanquished

Notes
Turn   | Place    | Note
-------+----------+-------------------------------------------
     0 | D:1      | Doomgape the Troll Berserker began the quest for the Orb.
     0 | D:1      | Reached XP level 1. HP: 22/22 MP: 0/0
   361 | D:1      | Reached XP level 2. HP: 29/29 MP: 1/1
  1055 | D:2      | Noticed Terence
  1061 | D:2      | Killed Terence
  1061 | D:2      | Reached ** piety under Trog
  1062 | D:2      | Reached XP level 3. HP: 16/37 MP: 2/2
  1224 | D:3      | Found an ancient bone altar of Kikubaaqudgha.
  1256 | D:3      | Found a hazy altar of Hepliaklqana.
  1277 | D:3      | Reached XP level 4. HP: 45/45 MP: 3/3
  1645 | D:3      | Found an iron altar of Okawaru.
  2515 | D:4      | Found a shimmering blue altar of Sif Muna.
  2525 | D:4      | Reached skill level 4 in Unarmed Combat
  2525 | D:4      | Noticed an orc warrior
  2536 | D:4      | Killed an orc warrior
  2537 | D:4      | Reached XP level 5. HP: 28/54 MP: 4/4
  2562 | D:4      | Found a bloodstained altar of Trog.
  2831 | D:4      | Reached XP level 6. HP: 62/62 MP: 5/5
  3170 | D:4      | Found a broken altar of Ashenzari.
  3371 | D:4      | Reached skill level 5 in Unarmed Combat
  3427 | D:4      | Found a glowing golden altar of the Shining One.
  3495 | D:5      | Entered Level 5 of the Dungeon
  3567 | D:5      | Reached *** piety under Trog
  3568 | D:5      | Reached XP level 7. HP: 71/71 MP: 6/6
  4118 | D:5      | Noticed Blork the orc
  4122 | D:5      | Killed Blork the orc
  4227 | D:6      | Reached skill level 5 in Fighting
  4227 | D:6      | Reached skill level 5 in Dodging
  4227 | D:6      | Reached skill level 6 in Unarmed Combat
  4264 | D:6      | Reached XP level 8. HP: 68/80 MP: 7/7
  5008 | D:6      | Noticed an angel
  5021 | D:6      | Reached skill level 7 in Unarmed Combat
  5037 | D:6      | Found a shimmering altar of Xom.
  5037 | D:6      | Found a glowing silver altar of Zin.
  5057 | D:6      | Reached **** piety under Trog
  5151 | D:6      | Reached XP level 9. HP: 81/89 MP: 8/8
  5447 | D:7      | Found an opulent altar of Gozag.
  5711 | D:7      | Noticed a two-headed ogre
  5727 | D:7      | Killed a two-headed ogre
  5728 | D:7      | Reached skill level 8 in Unarmed Combat
  5902 | D:7      | Found a staircase to the Ecumenical Temple.
  5919 | Temple   | Entered the Ecumenical Temple
  6509 | D:8      | Found a flagged portal.
  6532 | Bailey   | Entered a bailey
  6539 | Bailey   | Reached XP level 10. HP: 102/102 MP: 9/9
  6546 | Bailey   | Reached skill level 9 in Unarmed Combat
  6694 | Bailey   | Reached ***** piety under Trog
  6712 | Bailey   | Noticed a vault guard
  6725 | Bailey   | Killed a vault guard
  6753 | Bailey   | Noticed Prince Ribbit
  6753 | Bailey   | Noticed a vault guard
  6769 | Bailey   | Killed a vault guard
  6770 | Bailey   | Reached skill level 10 in Unarmed Combat
  6784 | Bailey   | Killed Prince Ribbit
  6918 | Bailey   | Identified a scroll of acquirement
  6918 | Bailey   | Acquired 419 gold pieces
  7136 | D:8      | Reached XP level 11. HP: 113/113 MP: 10/10
  7616 | D:9      | Found a staircase to the Lair.
  7730 | D:9      | Found Suclywuf's Book Emporium.
  7731 | D:9      | Found Cunolufo's Jewellery Emporium.
  7735 | D:9      | Found Pizireek's General Store.
  7740 | D:9      | Found Buopiof's Book Emporium.
  7746 | D:9      | Bought a potion of curing for 36 gold pieces
  7794 | D:9      | Noticed a two-headed ogre
  7803 | D:9      | Killed a two-headed ogre
  7957 | D:9      | Noticed a two-headed ogre
  7962 | D:9      | Killed a two-headed ogre
  8000 | D:9      | Reached skill level 11 in Unarmed Combat
  8022 | D:9      | Received a gift from Trog
  8319 | Lair:1   | Entered Level 1 of the Lair of Beasts
  8341 | Lair:1   | Noticed Harold
  8351 | Lair:1   | Killed Harold
  8656 | Lair:1   | Noticed a boulder beetle
  8666 | Lair:1   | Killed a boulder beetle
  8667 | Lair:1   | Reached skill level 10 in Dodging
  8671 | Lair:1   | Reached skill level 12 in Unarmed Combat
  8803 | Lair:1   | Noticed a lindwurm
  8805 | Lair:1   | Found a transporter.
  8822 | Lair:1   | Found a transporter.
  8931 | Lair:1   | Noticed a boulder beetle
  9049 | Lair:1   | Noticed James's ghost (journeyman DrHu)
  9307 | Lair:2   | Found the +18 shield of the Gong {Loud rN+ Will+ rCorr
                  | EV-5}
  9312 | Lair:2   | Noticed Amaemon
  9326 | Lair:2   | Reached XP level 12. HP: 86/122 MP: 11/11
  9331 | Lair:2   | Slain by Amaemon

Illustrated notes

Levels and vault maps discovered:
D:1:      grunt_arrival_crossed_arrows, layout_basic, nicolae_hexahallways
D:2:      layout_loops_ring, minmay_pentomino_u2, uniq_terence
D:3:      layout_basic, mainiacjoe_overflow_large_starburst,
          overflow_temple_1_default, hangedman_abyss_or_decor_lesser_grid,
          grunt_ministairs_8, saegor_snake_ambush
D:4:      kennysheep_six_static_rooms, layout_basic,
          nzn_overflow_gifts_of_might_and_magic, nicolae_tso_swordbearing_angel,
          ashenzari_conservatory_becter, minmay_misc_feat_ornament
D:5:      layout_loops_cross, st_stairs_10, uniq_blork_the_orc
D:6:      cheibrodos_two_vegetables, layout_gridville,
          grunt_temple_overflow_order_and_chaos_1, grunt_ministairs_1,
          serial_library_hellmonk_double_dead_end
D:7:      nicolae_whirlpool, layout_basic, grunt_gozag_statues, temple_hall,
          serial_library_hellmonk_open_cross
D:8:      lemuel_slime, layout_loops_corners, enter_bailey_4
D:9:      layout_gridville, david_lair_shrubbed, minmay_shop_grid_forest
Temple:   nicolae_temple_bog_church
Lair:1:   layout_regular_city, nzn_ghost_randoct, uniq_harold
Lair:2:   layout_regular_city, spider_nest_entry_web_field, uniq_fannar,
          uniq_amaemon

Skill      XL: |  1  2  3  4  5  6  7  8  9 10 11 |
---------------+----------------------------------+-----
Fighting       | 3 4 5 6 7 8 |  8.8
Dodging        | 3 4 5 6 7 8 10 | 10.5
Unarmed Combat | 4 5 6 7 8 10 12 | 12.4

Action                     |  1- 3 |  4- 6 |  7- 9 | 10-12 || total
---------------------------+-------+-------+-------+-------++-------
  Melee: Unarmed           |    57 |   137 |   275 |   342 ||   811
         Punch             |       |     3 |     7 |    12 ||    22
 Invoke: Berserk           |       |     1 |       |     2 ||     3
         Trog's Hand       |       |       |       |     2 ||     2
  Evoke: Wand              |       |       |    12 |     2 ||    14
    Use: Scroll            |       |     9 |     4 |     5 ||    18
         Potion            |       |       |     1 |     5 ||     6
 Armour: Animal skin       |    36 |   100 |   242 |   244 ||   622
  Dodge: Dodged            |    20 |    63 |   153 |   153 ||   389
